 Dungeon Crawl Stone Soup version 0.24-a0-517-gd52e2fb (webtiles) character file.

Game seed: 15574559456501679535

163 DinnerBoy7 the Skirmisher (level 5, -4/42 HPs)
             Began as a Draconian Fighter on July 23, 2019.
             Slain by Natasha (7 damage)
             ... on level 2 of the Dungeon.
             The game lasted 00:06:11 (2007 turns).

DinnerBoy7 the Skirmisher (Draconian Fighter)       Turns: 2007, Time: 00:06:12

Health: -4/42      AC:  5    Str: 19    XL:     5   Next: 20%
Magic:  5/5        EV: 11    Int:  9    God:
Gold:   88         SH: 10    Dex: 10    Spells: 4/4 levels left

rFire    . . .     SeeInvis .   a - +0 war axe
rCold    . . .     Gourm    .   b - +1 shield
rNeg     . . .     Faith    .   (armour unavailable)
rPois    .         Spirit   .   (helmet restricted)
rElec    .         Reflect  .   (no cloak)
rCorr    .         Harm     .   (no gloves)
MR       .....     Rnd*Rage +   (no boots)
Stlth    +.........             (no amulet)
HPRegen  0.14/turn              (no ring)
MPRegen  0.09/turn              (no ring)

@: no status effects
A: unfitting armour, stinger 1, berserk 1, frail 1, cold-blooded, AC +5
a: no special abilities


You were on level 2 of the Dungeon.
You were not hungry.

You visited 1 branch of the dungeon, and saw 2 of its levels.

You collected 88 gold pieces.

Inventory:

Hand Weapons
 a - a +0 war axe (weapon)
Armour
 b - a +1 shield (worn)
Scrolls
 e - a scroll of identify {unknown}
 g - 2 scrolls of remove curse {unknown}
 h - 3 scrolls of teleportation {unknown}
 i - a scroll of noise {unknown}
Potions
 f - 2 potions of mutation
 k - a potion of curing {unknown}
Comestibles
 c - 3 chunks of flesh
 d - 5 rations


   Skills:
 + Level 4.3 Fighting
 + Level 3.2 Axes
 + Level 3.5 Dodging
 + Level 3.9 Shields


You had 4 spell levels left.
You didn't know any spells.
Your spell library was empty.

Dungeon Overview and Level Annotations

Branches:
Dungeon (2/15)

Altars:
Dithmenos

Annotations:
D:2 Natasha


Innate Abilities, Weirdness & Mutations

Your plain brown scales are hard. (AC +5)
You cannot fit into any form of body armour.
You are cold-blooded and may be slowed by cold attacks.
Your tail ends in a poisonous barb.
You tend to lose your temper in combat.
You are frail. (-10% HP)


Message History

You hit the shadow imp. You tail-slap the shadow imp.
The shadow imp is poisoned.
The shadow imp is moderately wounded.
You block the shadow imp's attack.
The shadow imp hits you but does no damage.
You hit the shadow imp. You tail-slap the shadow imp.
The shadow imp is severely wounded.
The shadow imp hits you.
* * * LOW HITPOINT WARNING * * *
The crimson imp blinks!
The shadow imp barely misses you. The shadow imp hits you.
* * * LOW HITPOINT WARNING * * *
You hit the shadow imp.
The shadow imp is almost dead.
You kill the shadow imp!
You block Natasha's attack.
You barely miss Natasha.
You feel yourself speed up. Natasha claws you!
You die...

#.#.#..#..#####...h.....
...........÷÷...###.###.
.....÷.####.†#### ...
....(...##...# #.#
........##...## .#
........).....# .
..............# #
..............######..#
.†.......####..h@....#
..............########
..............#
............$.#
..............#
..............#
...............
..............#
.?.$.......


You could see Natasha.

Vanquished Creatures
  A hound (D:2)
  Natasha (twice) (D:2)
  Robin (D:2)
  2 adders (D:2)
  2 worms (D:2)
  2 dart slugs (D:1)
  A leopard gecko (D:1)
  7 bats
  2 giant cockroaches
  11 goblins
  5 hobgoblins
  A quokka (D:2)
  2 ball pythons
  4 frilled lizards
  3 kobolds
  5 rats
51 creatures vanquished.

Notes
Turn   | Place    | Note
-------+----------+-------------------------------------------
     0 | D:1      | DinnerBoy7 the Draconian Fighter began the quest for the
                  | Orb.
     0 | D:1      | Reached XP level 1. HP: 19/19 MP: 1/1
   219 | D:1      | Reached XP level 2. HP: 26/26 MP: 2/2
  1142 | D:2      | Noticed Robin
  1148 | D:1      | Reached XP level 3. HP: 30/33 MP: 3/3
  1327 | D:2      | Killed Robin
  1496 | D:2      | Found a shadowy altar of Dithmenos.
  1517 | D:2      | Reached skill level 4 in Fighting
  1517 | D:2      | Reached XP level 4. HP: 37/40 MP: 4/4
  1841 | D:2      | Noticed Natasha
  1878 | D:2      | Killed Natasha
  1878 | D:2      | Reached XP level 5. HP: 9/46 MP: 5/5
  1935 | D:2      | Noticed Natasha
  1942 | D:2      | Gained mutation: You tend to lose your temper in combat.
                  | [potion of mutation]
  1942 | D:2      | Gained mutation: You are frail. (-10% HP) [potion of
                  | mutation]
  1942 | D:2      | Gained mutation: Your tail ends in a poisonous barb.
                  | [potion of mutation]
  1945 | D:2      | Killed Natasha
  1994 | D:2      | Noticed Natasha
  2007 | D:2      | Slain by Natasha

Levels and vault maps discovered:
D:1:      dpeg_arrival_radiant, layout_loops_ring
D:2:      layout_rooms, grunt_dithmenos_smoke, marbit_many_paths, first_ration,
          uniq_robin, uniq_natasha

Skill      XL: |  1  2  3  4 |
---------------+-------------+-----
Dodging        | 3 |  3.5
Fighting       | 4 |  4.3
Axes           | 3 |  3.2
Shields        | |  3.9

Action                   |  1- 3 |  4- 6 || total
-------------------------+-------+-------++-------
Melee: War axe           |    77 |    61 ||   138
       Tailslap          |     4 |     6 ||    10
  Use: Potion            |       |     3 ||     3
       Scroll            |       |     1 ||     1
  Eat: Chunk             |     1 |     3 ||     4
Armor: Skin              |    29 |    30 ||    59
Dodge: Dodged            |    52 |    39 ||    91
Block: Shield            |    42 |    40 ||    82

Table legend:
 A = Non-vault XP
 B = Vault XP
 C = Vault XP percentage of total XP
 D = Non-vault monster count
 E = Vault monster count
 F = Vault count percentage of total count
                 A         B        C        D         E       F
            +---------+---------+-------+---------+---------+-------
      Total |     166 |      68 |  29.1 |      40 |      11 |  21.6
            +---------+---------+-------+---------+---------+-------
        D:1 |      40 |      14 |  25.9 |      23 |       7 |  23.3
        D:2 |     126 |      54 |  30.0 |      17 |       4 |  19.0
            +---------+---------+-------+---------+---------+-------
